 Dungeon Crawl Stone Soup version 0.23-a0-139-ga22e90c (webtiles) character file.

46 Amnesiac the Gusty (level 3, 0/24 HPs)
             Began as a Mummy Air Elementalist on Aug 30, 2018.
             Was an Initiate of Kikubaaqudgha.
             Slain by a jackal (2 damage)
             ... on level 4 of the Dungeon.
             The game lasted 00:02:34 (773 turns).

Amnesiac the Gusty (Mummy Air Elementalist)          Turns: 773, Time: 00:02:34

Health: 0/24       AC:  2    Str: 11    XL:     3   Next: 46%
Magic:  5/7        EV: 12    Int: 15    God:    Kikubaaqudgha [......]
Gold:   39         SH:  0    Dex: 12    Spells: 5/8 levels left

rFire    x x .     SeeInvis .   (no weapon)
rCold    + + .     Gourm    .   (no shield)
rNeg     + + +     Faith    .   a - +0 robe
rPois    ∞         Spirit   .   (no helmet)
rElec    .         Reflect  .   (no cloak)
rCorr    .         Harm     .   (no gloves)
MR       .....                  (no boots)
Stlth    ++........             (no amulet)
HPRegen  0.08/turn              d - ring of ice
MPRegen  0.10/turn              (no ring)

@: no status effects
A: no food or potions, fire vulnerability, cold resistance 1, negative energy
resistance 3, torment resistance, unbreathing
a: Renounce Religion


You were on level 4 of the Dungeon.
You worshipped Kikubaaqudgha.
Kikubaaqudgha was noncommittal.
You were not hungry.

You visited 2 branches of the dungeon, and saw 5 of its levels.

You collected 39 gold pieces.

Inventory:

Missiles
 c - 2 javelins of penetration (quivered)
Armour
 a - a +0 robe (worn)
Jewellery
 d - a ring of ice (left hand)
Scrolls
 b - a scroll of identify {!r}
 e - a scroll of remove curse {!r}


   Skills:
 - Level 1.5 Dodging
 - Level 1.5 Stealth
 + Level 3.4 Spellcasting
 - Level 0.7 Conjurations
 * Level 3.4 Air Magic


You had 5 spell levels left.
You knew the following spells:

 Your Spells              Type           Power        Failure   Level  Hunger
a - Shock                 Conj/Air       #...         9%          1    N/A
z - Swiftness             Chrm/Air       #.......     14%         2    N/A

Your spell library contained the following spells:

 Spells                   Type           Power        Failure   Level  Hunger
 Static Discharge         Conj/Air       #.......     24%         3    N/A
 Airstrike                Air            ##........   43%         4    N/A
 Lightning Bolt           Conj/Air       #.........   92%         5    N/A

Dungeon Overview and Level Annotations

Branches:
Dungeon (4/15)             Temple (1/1) D:4

Altars:
Hepliaklqana
Kikubaaqudgha
Nemelex Xobeh
Okawaru
Qazlal
Trog
Uskayaw
Yredelemnul
The Shining One

Annotations:
D:4 2 exclusions


Innate Abilities, Weirdness & Mutations

You do not eat or drink.
Your flesh is vulnerable to fire.
You are immune to poison.
Your flesh is cold resistant. (rC+)
You are immune to negative energy. (rN+++)
You are immune to unholy pain and torment.
You can survive without breathing.


Message History

The jackal is moderately wounded.
The zap hits the jackal.
The jackal is heavily wounded.
The zap hits the hound.
The hound is heavily wounded.
The hound completely misses you. The hound closely misses you.
Unknown command.
Casting: Shock (safe; 10% risk of failure)
Confirm with . or Enter, or press ? or * to list all spells.
Aiming: Shock (safe; 10% risk of failure)
Press: ? - help, Shift-Dir - straight line, f/p - hound
Aim: a hound (heavily wounded)
The zap hits the hound.
The hound is severely wounded.
The zap misses the jackal.
The zap hits the jackal.
The jackal is almost dead.
The zap misses the hound.
The hound closely misses you.
Unknown command.
Casting: Shock (safe; 10% risk of failure)
Confirm with . or Enter, or press ? or * to list all spells.
Aiming: Shock (safe; 10% risk of failure)
Press: ? - help, Shift-Dir - straight line, f/p - hound
Aim: a hound (severely wounded)
The zap hits the hound.
The hound is severely wounded.
The zap misses the jackal. x2; The zap hits the hound.
You kill the hound!
Kikubaaqudgha accepts your kill.
You have reached level 3!
Your experience leads to an increase in your attributes!
Increase (S)trength, (I)ntelligence, or (D)exterity?
You feel clever. The jackal bites you.
* * * LOW HITPOINT WARNING * * *
The orc wizard mumbles some strange words.
The orc wizard flickers and vanishes!
Deactivating autopickup; reactivate with Ctrl-A.
The jackal bites you.
* * * LOW HITPOINT WARNING * * *
Things that are here:
2 tomahawks; a whip
Items here: )) [[ †† The jackal misses you.
Really read
b - 2 scrolls labeled IHITSU PAHU {!r}?
As you read the scroll labeled IHITSU PAHU {!r}, it crumbles to dust.
It is a scroll of identify.
e - a scroll of remove curse {!r} The jackal closely misses you.
The jackal misses you. The jackal bites you.
* * * LOW HITPOINT WARNING * * *
The jackal bites you but does no damage.
The jackal closely misses you. The jackal barely misses you.
The jackal closely misses you.
The jackal bites you but does no damage.
The jackal bites you.
* * * LOW HITPOINT WARNING * * *
The jackal misses you. The jackal bites you.
* * * LOW HITPOINT WARNING * * *
The jackal bites you.
You die...
Kikubaaqudgha rasps: "You have failed me!
Welcome... oblivion!"

. ###### #....#
#### #.##.# ....
#.##.# ####
#.##.# ####
#.##.# #...
#h##.# #†##
#@##.# #.# #.##.#
#.# #.##.# #.#
#.##.# #.#
#.##.##########(#
#.##..........[.#
#.###############
#.# #.#


You could see a jackal.

Vanquished Creatures
  A hound (D:4)
  A leopard gecko (D:3)
  3 orcs (D:4)
  A giant cockroach (D:1)
  2 goblins (D:1)
  2 jackals (D:4)
  2 kobolds (D:1)
  A hobgoblin zombie (D:4)
13 creatures vanquished.

Notes
Turn   | Place    | Note
-------+----------+-------------------------------------------
     0 | D:1      | Amnesiac the Mummy Air Elementalist began the quest for the
                  | Orb.
     0 | D:1      | Reached XP level 1. HP: 13/13 MP: 4/4
   281 | D:2      | You fall through a shaft!
   292 | D:3      | Reached XP level 2. HP: 19/19 MP: 3/5
   300 | D:3      | Learned a level 2 spell: Swiftness
   610 | D:4      | Found a staircase to the Ecumenical Temple.
   624 | Temple   | Entered the Ecumenical Temple
   701 | Temple   | Became a worshipper of Kikubaaqudgha
   741 | D:4      | Reached XP level 3. HP: 7/24 MP: 2/7
   773 | D:4      | Slain by a jackal

Vault maps used:
D:1:      saegor_arrival_simple_a, serial_forest, infiniplex_forest_zigzag_1,
          infiniplex_forest_clump_small, infiniplex_forest_join,
          infiniplex_forest_corner_1, infiniplex_forest_lined_room_,
          infiniplex_forest_clump_cross, nemelex_altar_shiori
D:2:      first_ration
D:3:      st_stairs_8
D:4:      minmay_temple_entry_water_ring, minmay_mini_ossuary
Temple:   compressed_dpeg_triangle_lava_temple

Skill      XL: |  1  2 |
---------------+-------+-----
Air Magic      | 3 |  3.4
Spellcasting   | 3 |  3.4
Dodging        | |  1.5
Stealth        | |  1.5
Conjurations   | |  0.7

Action                   || total
-------------------------++-------
Throw: Javelin           ||     3
 Cast: Shock             ||    26
  Use: Scroll            ||     1
Armor: Robe              ||     7
Dodge: Dodged            ||    22

Table legend:
 A = Non-vault XP
 B = Vault XP
 C = Vault XP percentage of total XP
 D = Non-vault monster count
 E = Vault monster count
 F = Vault count percentage of total count
                 A         B        C        D         E       F
            +---------+---------+-------+---------+---------+-------
      Total |      66 |       1 |   1.5 |      12 |       1 |   7.7
            +---------+---------+-------+---------+---------+-------
        D:1 |      10 |       0 |   0.0 |       5 |       0 |   0.0
        D:3 |       3 |       0 |   0.0 |       1 |       0 |   0.0
        D:4 |      53 |       1 |   1.9 |       6 |       1 |  14.3
            +---------+---------+-------+---------+---------+-------
